Map: Eternal Empire LE

Players

antagomiR

  • Race: Protoss Protoss
  • League: Gold
  • Spawn Location: 7:00

Scarface - Winner!

  • Race: Zerg Zerg
  • League: Gold
  • Spawn Location: 1:00

VOD

Have the link to the VOD?

Description

Time

  • Played on: April 19, 2020, 6:12 p.m.
  • Length: 6:00
Show
View Real Time Build Order
Export as new Build Order

antagomiR Protoss 

Build Orders:  

Get SALT Encoding   

  12  0:00  Probe  
  13  0:13  Probe  
  14  0:21  Pylon  
  14  0:25  Probe  
  15  0:39  Probe  
  16  0:46  Gateway  
  16  0:52  Probe (Chrono Boost)  
  17  0:57  Assimilator  
  17  1:03  Probe (Chrono Boost)  
  18  1:12  Probe  
  18  1:13  Assimilator  
  19  1:24  Probe  
  20  1:35  Cybernetics Core  
  20  1:36  Probe  
  21  1:52  Nexus  
  21  1:58  Probe  
  22  2:10  Probe  
  22  2:11  Pylon  
  23  2:28  Adept  
  25  2:32  Gateway  
  25  2:37  Probe  
  26  2:46  Pylon  
  26  2:49  Probe  
  27  3:01  Probe  
  26  3:07  Pylon  
  26  3:11  Gateway  
  27  3:25  Shield Battery  
  27  3:29  Pylon  
  27  3:42  Probe x2  
  28  3:56  Pylon  
  26  4:15  Gateway  
  26  4:23  Stalker  
  25  4:32  Pylon  
  25  4:33  Pylon  
  24  4:41  Probe x2  
  20  5:00  Pylon  
  20  5:05  Pylon  
  2  5:26  Probe  
  2  5:38  Probe  
  2  5:39  Gateway  
Show
View Real Time Build Order
Export as new Build Order

Scarface Zerg - Winner!

Build Orders: Hatch First 

Get SALT Encoding   

  12  0:01  Drone  
  13  0:08  Drone  
  14  0:17  Overlord  
  14  0:44  Hatchery  
  14  0:45  Drone  
  14  0:50  Drone  
  15  0:57  Extractor, Drone  
  15  1:15  Spawning Pool  
  14  1:28  Drone  
  14  1:30  Drone  
  16  2:05  Zergling x8  
  20  2:08  Queen  
  20  2:09  Queen  
  20  2:13  Metabolic Boost  
  24  2:21  Zergling x4  
  26  2:34  Zergling x2  
  26  2:35  Zergling x2  
  28  2:49  Overlord x2  
  27  3:38  Drone  
  27  3:39  Drone x6  
  27  3:40  Drone x2  
  36  3:44  Extractor  
  35  4:41  Zergling x4  
  35  4:42  Zergling x10  
  42  5:07  Zergling x4  
  42  5:10  Overlord x2  
  42  5:11  Overlord  
  44  5:15  Extractor  
  44  5:18  Overlord x2  
Tags
 
League
GoldGold
Matchup
PvZ
Replay Pack
20200422
Spawn Locations
Cross Positions
Add a new tag
Caveats
  • Supply blocks, unpowered buildings, or Contaminate may cause inaccurate times.
  • Supply counts are checked every 10 seconds.